SAAA
SANTA BARBARA GOLDEN CRANES @ NAPERVILLE BATTLEKINGS
06/16/2031
 
TOP OF THE 1ST
Santa Barbara Golden Cranes batting - Pitching for Naperville Battlekings : LHP Risto Hannila
Pitching: LHP Risto Hannila
Batting: RHB Christian Turner 0-0: Called Strike
0-1: Ground out U3 (Groundball, 34S)
Batting: RHB Ed St. James 0-0: Foul Ball, location: 2F
0-1: Ball
1-1: Ball
2-1: Ball
3-1: SINGLE (Line Drive, 78M)
Batting: RHB Rodney Usry 0-0: Ball
1-0: Foul Ball, location: 2F
1-1: Grounds into double play, 6-4-3 (Groundball, 6M)
Top of the 1st over - 0 runs, 1 hit, 0 errors, 0 left on base; Santa Barbara 0 - Naperville 0
BOTTOM OF THE 1ST
Naperville Battlekings batting - Pitching for Santa Barbara Golden Cranes : LHP Juan Cardenas
Pitching: LHP Juan Cardenas
Batting: RHB Fernando Martínez 0-0: Called Strike
0-1: Ball
1-1: Ball
2-1: Ball
3-1: Foul Ball, location: 2F
3-2: Base on Balls
Batting: RHB Jeb Sexton 0-0: Ball
1-0: Grounds into double play, 5-4-3 (Groundball, 56)
Batting: LHB Naohiro Sakai 0-0: Ball
1-0: Ball
2-0: Ball
3-0: Called Strike
3-1: Foul Ball, location: 2F
3-2: Strikes out looking
Bottom of the 1st over - 0 runs, 0 hits, 0 errors, 0 left on base; Santa Barbara 0 - Naperville 0
TOP OF THE 2ND
Santa Barbara Golden Cranes batting - Pitching for Naperville Battlekings : LHP Risto Hannila
Batting: RHB James Pike 0-0: Ball
1-0: Ground out 1-3 (Groundball, 13S)
Batting: RHB Logan Manning 0-0: Swinging Strike
0-1: Called Strike
0-2: Strikes out swinging
Batting: RHB Gilbert Graham 0-0: Swinging Strike
0-1: Foul Ball, location: 2F
0-2: Ball
1-2: Strikes out swinging
Top of the 2nd over - 0 runs, 0 hits, 0 errors, 0 left on base; Santa Barbara 0 - Naperville 0
BOTTOM OF THE 2ND
Naperville Battlekings batting - Pitching for Santa Barbara Golden Cranes : LHP Juan Cardenas
Batting: RHB Maik Palen 0-0: Ball
1-0: Called Strike
1-1: Ball
2-1: Ball
3-1: Base on Balls
Batting: LHB Marcos Costa 0-0: Called Strike
0-1: Foul Ball, location: 2F
0-2: Ball
1-2: Ball
2-2: Fly out, F8 (Flyball, 89M)
Batting: RHB Carlos González 0-0: Ball
1-0: Fly out, F8 (Flyball, 89D)
Batting: RHB Elijah Seymour 0-0: Ball
1-0: Ball
2-0: Ball
3-0: Base on Balls
Maik Palen to second
Batting: RHB Berihun Tukufu 0-0: Ball
1-0: Fly out, F7 (Flyball, 7LMF)
Bottom of the 2nd over - 0 runs, 0 hits, 0 errors, 2 left on base; Santa Barbara 0 - Naperville 0
TOP OF THE 3RD
Santa Barbara Golden Cranes batting - Pitching for Naperville Battlekings : LHP Risto Hannila
Batting: RHB Salvador Noriega 0-0: Called Strike
0-1: SINGLE (Line Drive, 4D)
Batting: LHB Robert Adams 0-0: Called Strike
0-1: Foul Ball, location: 2F
0-2: Fielders Choice at 2nd, 4-6 (Groundball, 4)
Batting: LHB Armando Villarreal 0-0: Called Strike
0-1: Ball
1-1: Foul Ball, location: 2F
1-2: Ball
2-2: Foul Ball, location: 2F
2-2: Ball
3-2: SINGLE (Groundball, 4MD)
Robert Adams to second
Batting: RHB Christian Turner 0-0: Called Strike
0-1: Ball
1-1: 3-RUN HOME RUN (Flyball, 7LD), Distance : 345 ft
Batting: RHB Ed St. James 0-0: Ball
1-0: Swinging Strike
1-1: Swinging Strike
1-2: Ball
2-2: Ball
3-2: Strikes out swinging
Batting: RHB Rodney Usry 0-0: Fly out, F8 (Flyball, 8RXD)
Top of the 3rd over - 3 runs, 3 hits, 0 errors, 0 left on base; Santa Barbara 3 - Naperville 0
BOTTOM OF THE 3RD
Naperville Battlekings batting - Pitching for Santa Barbara Golden Cranes : LHP Juan Cardenas
Batting: RHB Maikel Cobblepot 0-0: Ball
1-0: Ball
2-0: Swinging Strike
2-1: Foul Ball, location: 2F
2-2: Foul Ball, location: 2F
2-2: Ground out 6-3 (Groundball, 6)
Batting: RHB Fernando Martínez 0-0: Fly out, F7 (Flyball, 7)
Batting: RHB Jeb Sexton 0-0: Ball
1-0: Ball
2-0: Ball
3-0: Called Strike
3-1: Fly out, F9 (Flyball, 9LMF)
Bottom of the 3rd over - 0 runs, 0 hits, 0 errors, 0 left on base; Santa Barbara 3 - Naperville 0
TOP OF THE 4TH
Santa Barbara Golden Cranes batting - Pitching for Naperville Battlekings : LHP Risto Hannila
Batting: RHB James Pike 0-0: Called Strike
0-1: Ball
1-1: Foul Ball, location: 2F
1-2: Ball
2-2: Foul Ball, location: 2F
2-2: SOLO HOME RUN (Flyball, 7D), Distance : 364 ft
Batting: RHB Logan Manning 0-0: Ball
1-0: Swinging Strike
1-1: Called Strike
1-2: Foul Ball, location: 2F
1-2: Foul Ball, location: 2F
1-2: Foul Ball, location: 2F
1-2: Ball
2-2: Foul Ball, location: 2F
2-2: Strikes out swinging
Batting: RHB Gilbert Graham 0-0: Foul Ball, location: 2F
0-1: Swinging Strike
0-2: Ball
1-2: Ground out 5-3 (Groundball, 56S)
Batting: RHB Salvador Noriega 0-0: Ground out 5-3 (Groundball, 56)
Top of the 4th over - 1 run, 1 hit, 0 errors, 0 left on base; Santa Barbara 4 - Naperville 0
BOTTOM OF THE 4TH
Naperville Battlekings batting - Pitching for Santa Barbara Golden Cranes : LHP Juan Cardenas
Batting: LHB Naohiro Sakai 0-0: Foul Ball, location: 2F
0-1: Ball
1-1: Ball
2-1: Ground out 5-3 (Groundball, 56)
Batting: RHB Maik Palen 0-0: Called Strike
0-1: Ground out 3-1 (Groundball, 34S)
Batting: LHB Marcos Costa 0-0: Called Strike
0-1: Ball
1-1: Ball
2-1: SINGLE (Groundball, 4MS) (infield hit)
Batting: RHB Carlos González 0-0: Ball
1-0: Fly out, F8 (Flyball, 8LXD)
Bottom of the 4th over - 0 runs, 1 hit, 0 errors, 1 left on base; Santa Barbara 4 - Naperville 0
TOP OF THE 5TH
Santa Barbara Golden Cranes batting - Pitching for Naperville Battlekings : LHP Risto Hannila
Batting: LHB Robert Adams 0-0: Ball
1-0: Ball
2-0: Fly out, F9 (Flyball, 89D)
Batting: LHB Armando Villarreal 0-0: Called Strike
0-1: Called Strike
0-2: Ground out 4-3 (Groundball, 4)
Batting: RHB Christian Turner 0-0: Ball
1-0: SINGLE (Line Drive, 56)
Batting: RHB Ed St. James 0-0: Foul Ball, location: 2F
0-1: Called Strike
0-2: Ball
1-2: Fly out, F9 (Flyball, 9LDF)
Top of the 5th over - 0 runs, 1 hit, 0 errors, 1 left on base; Santa Barbara 4 - Naperville 0
BOTTOM OF THE 5TH
Naperville Battlekings batting - Pitching for Santa Barbara Golden Cranes : LHP Juan Cardenas
Batting: RHB Elijah Seymour 0-0: Ball
1-0: Called Strike
1-1: Ball
2-1: SINGLE (Line Drive, 8RS)
Batting: RHB Berihun Tukufu 0-0: Swinging Strike
0-1: Ball
1-1: Grounds into double play, 6-4-3 (Groundball, 6)
Batting: RHB Maikel Cobblepot 0-0: Fly out, F5 (Popup, 5L)
Bottom of the 5th over - 0 runs, 1 hit, 0 errors, 0 left on base; Santa Barbara 4 - Naperville 0
TOP OF THE 6TH
Santa Barbara Golden Cranes batting - Pitching for Naperville Battlekings : LHP Risto Hannila
Batting: RHB Rodney Usry 0-0: SINGLE (Flyball, 78S)
Batting: RHB James Pike 0-0: Ball
1-0: Ball
2-0: Called Strike
2-1: 2-RUN HOME RUN (Flyball, 7D), Distance : 365 ft
Pitching: RHP Sixto Palaeios
Batting: RHB Logan Manning 0-0: Called Strike
0-1: SINGLE (Groundball, 34D)
Batting: RHB Gilbert Graham 0-0: Ball
1-0: Foul Ball, location: 2F
1-1: Foul Ball, location: 2F
1-2: Ball
2-2: Foul Ball, location: 2F
2-2: Foul Ball, location: 2F
2-2: Ball
3-2: Fly out, F8 (Flyball, 8RS)
Batting: RHB Salvador Noriega 0-0: Fly out, F8 (Line Drive, 8LD)
Batting: LHB Robert Adams 0-0: Ball
1-0: Ball
2-0: Ball
3-0: Base on Balls
Logan Manning to second
Batting: LHB Armando Villarreal 0-0: Called Strike
0-1: Swinging Strike
0-2: Foul Ball, location: 2F
0-2: Ball
1-2: Strikes out swinging
Top of the 6th over - 2 runs, 3 hits, 0 errors, 2 left on base; Santa Barbara 6 - Naperville 0
BOTTOM OF THE 6TH
Naperville Battlekings batting - Pitching for Santa Barbara Golden Cranes : LHP Juan Cardenas
Batting: RHB Fernando Martínez 0-0: Called Strike
0-1: Ball
1-1: Ball
2-1: Ball
3-1: Ground out 1-3 (Groundball, 13S)
Batting: RHB Jeb Sexton 0-0: Ball
1-0: Ball
2-0: Swinging Strike
2-1: Ball
3-1: Base on Balls
Batting: LHB Naohiro Sakai 0-0: Ball
1-0: Called Strike
1-1: Ball
2-1: Foul Ball, location: 2F
2-2: Strikes out swinging
Batting: RHB Maik Palen 0-0: Called Strike
0-1: Ball
1-1: Called Strike
1-2: Foul Ball, location: 2F
1-2: Ball
2-2: Foul Ball, location: 2F
2-2: SINGLE (Groundball, 56D)
Jeb Sexton to second
Batting: LHB Marcos Costa 0-0: Swinging Strike
0-1: Swinging Strike
0-2: Ball
1-2: Strikes out swinging
Bottom of the 6th over - 0 runs, 1 hit, 0 errors, 2 left on base; Santa Barbara 6 - Naperville 0
TOP OF THE 7TH
Santa Barbara Golden Cranes batting - Pitching for Naperville Battlekings : RHP Sixto Palaeios
Batting: RHB Christian Turner 0-0: Called Strike
0-1: Ball
1-1: Foul Ball, location: 2F
1-2: Fly out, F4 (Popup, 34S)
Batting: RHB Ed St. James 0-0: SINGLE (Flyball, 7LS)
Batting: RHB Rodney Usry 0-0: Ball
1-0: Fly out, F9 (Flyball, 9S)
Batting: RHB James Pike 0-0: Ball
1-0: Called Strike
1-1: Swinging Strike
1-2: Ground out 4-3 (Groundball, 4)
Top of the 7th over - 0 runs, 1 hit, 0 errors, 1 left on base; Santa Barbara 6 - Naperville 0
BOTTOM OF THE 7TH
Naperville Battlekings batting - Pitching for Santa Barbara Golden Cranes : LHP Juan Cardenas
Batting: RHB Carlos González 0-0: Ball
1-0: SINGLE (Flyball, 9S)
Batting: RHB Elijah Seymour 0-0: Foul Ball, location: 2F
0-1: Swinging Strike
0-2: SINGLE (Groundball, 6MD)
Carlos González to second
Batting: RHB Berihun Tukufu 0-0: Called Strike
0-1: Foul Ball, location: 2F
0-2: Ball
1-2: Fielders Choice at 2nd, 1-6 (Groundball, P)
Carlos González to third
Pitching: LHP Phil Miles
Batting: RHB Maikel Cobblepot 0-0: Fielders Choice at 2nd, 5-4 (Groundball, 56)
Carlos González scores
Batting: RHB Fernando Martínez 0-0: Ball
1-0: Ball
2-0: Foul Ball, location: 2F
2-1: Ball
3-1: Base on Balls
Maikel Cobblepot to second
Batting: RHB Jeb Sexton 0-0: Ball
1-0: Ball
2-0: Swinging Strike
2-1: Foul Ball, location: 2F
2-2: Foul Ball, location: 2F
2-2: Ball
3-2: Base on Balls
Maikel Cobblepot to third
Fernando Martínez to second
Batting: LHB Naohiro Sakai 0-0: Called Strike
0-1: Fly out, F8 (Flyball, 8RM)
Bottom of the 7th over - 1 run, 2 hits, 0 errors, 3 left on base; Santa Barbara 6 - Naperville 1
TOP OF THE 8TH
Santa Barbara Golden Cranes batting - Pitching for Naperville Battlekings : RHP Sixto Palaeios
Batting: RHB Logan Manning 0-0: Ball
1-0: SINGLE (Line Drive, 7LS)
Batting: RHB Gilbert Graham 0-0: Ball
1-0: Called Strike
Logan Manning steals 2nd base
1-1: Ground out 6-3 (Groundball, 6)
Batting: RHB Salvador Noriega 0-0: Called Strike
0-1: Swinging Strike
0-2: Ball
1-2: Foul Ball, location: 2F
1-2: Ball
2-2: Ball
3-2: Foul Ball, location: 2F
3-2: Foul Ball, location: 2F
3-2: SINGLE (Line Drive, 56)
Logan Manning to third
Batting: LHB Robert Adams 0-0: Called Strike
0-1: Ball
1-1: DOUBLE (Groundball, 3L)
Logan Manning scores
Salvador Noriega to third
Batting: LHB Armando Villarreal 0-0: Called Strike
0-1: Ball
1-1: SINGLE (Flyball, 89M)
Salvador Noriega scores
Robert Adams to third
Runner from 3rd tries for Home, SAFE, no throw
Batting: RHB Christian Turner 0-0: Ball
1-0: Ball
2-0: Fly out, F8 (Flyball, 8RM)
Batting: RHB Ed St. James 0-0: Fly out, F8 (Flyball, 8RS)
Top of the 8th over - 3 runs, 4 hits, 0 errors, 1 left on base; Santa Barbara 9 - Naperville 1
BOTTOM OF THE 8TH
Naperville Battlekings batting - Pitching for Santa Barbara Golden Cranes : LHP Phil Miles
Batting: RHB Maik Palen 0-0: Fly out, F7 (Flyball, 78M)
Batting: LHB Marcos Costa 0-0: Ball
1-0: Ground out 1-3 (Groundball, P)
Batting: RHB Carlos González 0-0: Ball
1-0: Ball
2-0: Called Strike
2-1: Swinging Strike
2-2: Foul Ball, location: 2F
2-2: Foul Ball, location: 2F
2-2: Foul Ball, location: 2F
2-2: Foul Ball, location: 2F
2-2: Ball
3-2: Ground out 5-3 (Groundball, 5L)
Bottom of the 8th over - 0 runs, 0 hits, 0 errors, 0 left on base; Santa Barbara 9 - Naperville 1
TOP OF THE 9TH
Santa Barbara Golden Cranes batting - Pitching for Naperville Battlekings : RHP Sixto Palaeios
Batting: RHB Rodney Usry 0-0: Called Strike
0-1: Swinging Strike
0-2: SINGLE (Groundball, 6MD)
Batting: RHB James Pike 0-0: Called Strike
0-1: Foul Ball, location: 2F
0-2: Foul Ball, location: 2F
0-2: Ball
1-2: Ball
2-2: Foul Ball, location: 2F
2-2: Ball
3-2: Base on Balls
Rodney Usry to second
Pitching: RHP Chris Hayes
Batting: RHB Logan Manning 0-0: Hit by Pitch
Rodney Usry to third
James Pike to second
Pinch Hitting: LHB Sixto Álvarez 0-0: Foul Ball, location: 2F
0-1: Fly out, F8 (Line Drive, 8LD)
Runner from 3rd tags up, SCORES, throw made
Batting: RHB Salvador Noriega 0-0: Called Strike
0-1: Swinging Strike
0-2: Ball
1-2: Strikes out swinging
Batting: LHB Robert Adams 0-0: Called Strike
0-1: Swinging Strike
0-2: Ball
1-2: Strikes out swinging
Top of the 9th over - 1 run, 1 hit, 0 errors, 2 left on base; Santa Barbara 10 - Naperville 1
BOTTOM OF THE 9TH
Naperville Battlekings batting - Pitching for Santa Barbara Golden Cranes : LHP Phil Miles
Now at 1B: Byron Isaacson
Batting: RHB Elijah Seymour 0-0: Foul Ball, location: 2F
0-1: Ball
1-1: Fly out, F9 (Flyball, 89S)
Batting: RHB Berihun Tukufu 0-0: Ball
1-0: Fly out, F9 (Flyball, 89S)
Batting: RHB Maikel Cobblepot 0-0: Ball
1-0: Ball
2-0: Swinging Strike
2-1: Fly out, F7 (Flyball, 7D)
Bottom of the 9th over - 0 runs, 0 hits, 0 errors, 0 left on base; Santa Barbara 10 - Naperville 1
Tuesday, June 12th, 2018 - OOTP Baseball 18.8 Build 76